 Dungeon Crawl Stone Soup version 0.18-a0-1235-gec8ae2b (webtiles) character file.

23289 Svalin the Carver (level 13, -4/106 HPs)
             Began as a Human Fighter on Feb 4, 2016.
             Was a Priest of Makhleb.
             Slain by a nine-headed hydra (10 damage)
             ... on level 3 of the Lair of Beasts.
             The game lasted 01:12:12 (20472 turns).

Svalin the Carver (Human Fighter)                  Turns: 20472, Time: 01:12:14

Health: -4/106     AC: 24    Str: 22    XL:     13   Next: 34%
Magic:  17/17      EV: 11    Int:  9    God:    Makhleb [***...]
Gold:   513        SH: 13    Dex: 19    Spells: 0 memorised, 12 levels left

rFire  . . .     SeeInvis .     I - +2 scimitar
rCold  . . .     Gourm    .     o - +1 plate armour {rPois}
rNeg   . . .     Faith    .     c - +0 shield
rPois  +         Spirit   .     A - +1 helmet
rElec  +         Dismiss  .     X - +1 cloak {MR+}
rCorr  .         Reflect  .     x - +0 pair of gloves
SustAt .         Harm     .     e - +2 pair of boots
MR     +....                    O - amulet of rage
Stlth  ..........               d - +2 ring of dexterity
                                h - ring "Tota" {rElec Stlth-}

@: agile, studying Earth Magic, somewhat resistant to hostile enchantments,
extremely unstealthy
A: no striking features
a: Minor Destruction, Lesser Servant of Makhleb, Renounce Religion, Evoke
Berserk Rage


You were on level 3 of the Lair of Beasts.
You worshipped Makhleb.
Makhleb was most pleased with you.
You were not hungry.

You visited 3 branches of the dungeon, and saw 14 of its levels.
You also visited: Labyrinth and Volcano.

You collected 593 gold pieces.
You spent 80 gold pieces at shops.

Inventory:

Hand Weapons
 a - a +0 long sword
 I - a +2 scimitar (weapon)
Armour
 c - a +0 shield (worn)
 e - a +2 pair of boots (worn)
 o - a +1 plate armour of poison resistance (worn)
 q - a +0 chain mail
 x - a +0 pair of gloves (worn)
 y - a +1 cloak
 A - a +1 helmet (worn)
 K - a +0 plate armour
 X - a +1 cloak of magic resistance (worn)
Rods
 P - a +1 rod of inaccuracy (10/10)
   (You found it in a labyrinth)
Jewellery
 d - a +2 ring of dexterity (right hand)
 h - the ring "Tota" (left hand) {rElec Stlth-}
   (You found it on level 1 of the Lair of Beasts)

   [ring of loudness]

   It insulates you from electricity.
   It makes you less stealthy.
 n - an uncursed ring of sustain attributes
 G - an uncursed ring of protection from magic
 O - an amulet of rage (around neck)
Wands
 j - a wand of confusion (24/48)
 l - a wand of lightning (5/15)
 t - a wand of random effects (33/48)
 w - a wand of iceblast (0/15)
 z - a wand of teleportation (3/9)
 E - a wand of flame (10/48)
 H - a wand of teleportation (3/9)
 M - a wand of flame (28/48)
 R - a wand of flame (26/48)
 S - a wand of slowing (5/48)
Scrolls
 p - 4 scrolls of amnesia
 r - a scroll of vulnerability {unknown}
 B - 4 scrolls of teleportation
 D - 4 scrolls of remove curse
 J - 2 scrolls of identify
 N - 2 scrolls of silence
 W - a scroll of enchant armour
Potions
 b - a potion of resistance
 m - a potion of cure mutation
 s - a potion of magic
 C - a potion of flight
 F - 2 potions of agility
Books
 u - a book of Air

   Spells                             Type                      Level
   a - Shock                          Conjuration/Air              1
   b - Swiftness                      Charms/Air                   2
   c - Repel Missiles                 Charms/Air                   2
   d - Static Discharge               Conjuration/Air              3
   e - Lightning Bolt                 Conjuration/Air              5
 L - a book of Unlife

   Spells                             Type                      Level
   a - Recall                         Summoning/Translocation      3
   b - Animate Dead                   Necromancy                   4
   c - Control Undead                 Necromancy                   4
   d - Cigotuvi's Embrace             Necromancy                   5
   e - Death Channel                  Necromancy                   6
   f - Simulacrum                     Ice/Necromancy               6
 Q - a book of Alchemy

   Spells                             Type                      Level
   a - Sublimation of Blood           Necromancy                   2
   b - Ignite Poison                  Fire/Transmutation/Poison    3
   c - Condensation Shield            Ice                          4
   d - Petrify                        Transmutation/Earth          4
   e - Alistair's Intoxication        Transmutation/Poison         5
   f - Irradiate                      Conjuration/Transmutation    5
 U - a manual of Earth Magic
Miscellaneous
 i - a phial of floods (inert)
Comestibles
 f - a bread ration
 g - 3 meat rations
 k - 10 beef jerkies
 v - 4 slices of pizza
 T - 24 fruits


   Skills:
 + Level 11.0 Fighting
 + Level 11.7 Long Blades
 + Level 9.4 Armour
 + Level 10.9 Shields
 - Level 5.4 Invocations
 + Level 2.8 Evocations


You had 12 spell levels left.
You didn't know any spells.

Dungeon Overview and Level Annotations

Branches:
Dungeon (10/15)            Temple (1/1) D:5            Lair (3/8) D:10
    Orc (0/2) D:9
  Swamp: Lair:3-6    Shoals: Lair:3-6     Snake: Lair:3-6    Spider: Lair:3-6

Altars:
Ashenzari
Cheibriados
Dithmenos
Elyvilon
Fedhas
Gozag
Kikubaaqudgha
Makhleb
Nemelex Xobeh
Okawaru
Pakellas
Qazlal
Ru
Sif Muna
Trog
Vehumet
Xom
Yredelemnul
Zin
The Shining One

Shops:
D:4 *   D:7 *

Annotations:
D:2 Eustachio


Message History

The nine-headed hydra bites you!
The nine-headed hydra bites you but does no damage.
The nine-headed hydra bites you!
* * * LOW HITPOINT WARNING * * *
The nine-headed hydra barely misses you.
The nine-headed hydra bites you but does no damage.
The nine-headed hydra bites you!
* * * LOW HITPOINT WARNING * * *
Unknown command.
Read which item? (? for menu, Esc to quit)
Okay, then.
Drink which item? (? for menu, Esc to quit)
You feel agile all of a sudden. The nine-headed hydra bites you.
* * * LOW HITPOINT WARNING * * *
You block the nine-headed hydra's attack.
The nine-headed hydra closely misses you.
The nine-headed hydra completely misses you.
The nine-headed hydra bites you!
You die...

#.8....###.#.##.8.####
#.....#.......#.....#.##
#8.<..+...8......>.8#..#
#.....................##
..#.8.##.#........8.##.##
########.#.....#######..P#
..#.+#####.###..##
###.....##..#.#..# #.
#...D@........#
#.#...#....######
#...8.#....# #.#...#..###
#..#...#..# #.....###
#..#+## #.


You could see a nine-headed hydra.

Vanquished Creatures
  A minotaur (Lab)
  3 death yaks (Lair:3)
  The ghost of Ghalim the Basher, a novice GrFi of Okawaru (D:8)
  An unseen horror (D:10)
  A hill giant (D:10)
  A black mamba (Lair:2)
  4 spiny frogs
  2 gargoyles (Lab)
  2 komodo dragons
  A two-headed ogre (D:9)
  4 blink frogs
  Sigmund (D:4)
  21 yaks
  A basilisk (Lair:2)
  2 hippogriffs
  4 hungry ghosts (Lab)
  A steam dragon (D:10)
  Menkaure (D:7)
  6 water moccasins
  An ice beast (D:4)
  2 sky beasts
  2 black bears
  2 orc warriors
  3 phantoms
  A necrophage (D:9)
  4 ogres
  2 centaurs
  5 crocodiles
  2 big kobolds
  6 giant frogs
  7 scorpions
  18 killer bees
  A jelly (D:4)
  7 wights
  2 electric eels (Lair:3)
  2 giant frog zombies
  5 crimson imps
  A centaur zombie (D:8)
  4 hounds
  2 orc priests
  4 orc wizards
  5 iguanas
  8 worker ants
  A killer bee zombie (D:7)
  2 sheep
  2 hound zombies
  A hound skeleton (D:5)
  A worker ant zombie (D:7)
  Robin (D:4)
  4 adders
  9 gnolls
  5 river rats
  2 adder skeletons (D:4)
  3 worms
  3 giant geckos
  34 orcs
  5 ball pythons
  8 bats
  6 giant cockroaches
  18 goblins
  10 hobgoblins
  6 jackals
  9 quokkas
  A giant gecko skeleton (D:7)
  2 giant newts
  2 gnoll zombies (D:7)
  A jackal zombie (D:5)
  11 kobolds
  A quokka skeleton (D:7)
  A quokka zombie (D:8)
  9 rats
  2 plants
314 creatures vanquished.

Vanquished Creatures (collateral kills)
  Gastronok (Lair:1)
  A hydra (Lair:3)
  3 death yaks (Lair:3)
  2 gargoyles (Lab)
  A spiny frog (Lair:1)
  3 komodo dragons
  A troll (D:8)
  4 blink frogs
  11 yaks
  2 hungry ghosts (D:10)
  A basilisk (Lair:3)
  A hippogriff (Lair:1)
  A water moccasin (Lair:2)
  3 crocodiles
  A giant frog (Lair:1)
  A wyvern zombie (D:8)
  A wyvern skeleton (D:10)
  3 killer bees
  An orc priest (D:8)
  3 orc wizards
  3 sheep
  2 orcs (D:10)
50 creatures vanquished.

Vanquished Creatures (others)
  2 fungi (Lair:3)
  4 plants
6 creatures vanquished.

Grand Total: 370 creatures vanquished

Notes
Turn   | Place    | Note
--------------------------------------------------------------
     0 | D:1      | Svalin the Human Fighter began the quest for the Orb.
     0 | D:1      | Reached XP level 1. HP: 18/18 MP: 1/1
   150 | D:1      | Reached XP level 2. HP: 24/24 MP: 2/2
   354 | D:1      | Reached XP level 3. HP: 27/29 MP: 3/3
  1179 | D:2      | Reached skill level 4 in Shields
  1337 | D:2      | Reached XP level 4. HP: 27/36 MP: 4/4
  1486 | D:2      | Found a glowing silver altar of Zin.
  2035 | D:3      | Reached XP level 5. HP: 29/42 MP: 5/5
  2223 | D:3      | Found a burning altar of Makhleb.
  2226 | D:3      | Found a radiant altar of Vehumet.
  2261 | D:3      | Became a worshipper of Makhleb the Destroyer
  3213 | D:4      | Reached XP level 6. HP: 49/49 MP: 6/6
  3215 | D:4      | Reached * piety under Makhleb
  3229 | D:4      | Found a bloodstained altar of Trog.
  3229 | D:4      | Found a stormy altar of Qazlal.
  3269 | D:4      | Noticed Robin
  3295 | D:4      | Reached skill level 1 in Invocations
  3322 | D:4      | Killed Robin
  3329 | D:4      | Reached skill level 5 in Shields
  3864 | D:4      | Noticed Sigmund
  3875 | D:4      | Killed Sigmund
  3875 | D:4      | Reached XP level 7. HP: 51/55 MP: 8/8
  3920 | D:4      | Found Kyqud's General Store.
  4046 | D:4      | Noticed Eustachio
  4352 | D:4      | Reached skill level 5 in Fighting
  4839 | D:5      | Entered Level 5 of the Dungeon
  5176 | D:5      | Reached XP level 8. HP: 62/62 MP: 10/10
  5303 | D:5      | Reached skill level 5 in Long Blades
  5393 | D:5      | Found a staircase to the Ecumenical Temple.
  5514 | Temple   | Entered the Ecumenical Temple
  6023 | D:5      | Reached ** piety under Makhleb
  6378 | D:5      | Reached skill level 6 in Shields
  6586 | D:5      | Found a shimmering altar of Xom.
  7041 | D:6      | Found a blossoming altar of Fedhas.
  7355 | D:6      | Reached XP level 9. HP: 69/69 MP: 12/12
  7897 | D:7      | Noticed Menkaure
  7906 | D:7      | Killed Menkaure
  7906 | D:7      | Reached skill level 7 in Long Blades
  7915 | D:7      | Reached skill level 5 in Invocations
  8674 | D:7      | Found Tetes's General Store.
  8682 | D:7      | Bought a potion of flight for 48 gold pieces
  8682 | D:7      | Bought a scroll of identify for 32 gold pieces
  8821 | D:7      | Reached *** piety under Makhleb
  9549 | D:7      | Found a basalt altar of Yredelemnul.
 10005 | D:8      | Reached skill level 8 in Long Blades
 10164 | D:8      | Reached XP level 10. HP: 77/77 MP: 14/14
 10729 | D:8      | Noticed Ghalim's ghost (novice GrFi)
 10757 | D:8      | Killed Ghalim's ghost
 11732 | D:8      | Upgraded the game from 0.18-a0-1229-ge9a1a01 to 0.18-a0-1235-gec8ae2b
 11854 | D:9      | Reached skill level 9 in Long Blades
 12396 | D:9      | Reached skill level 5 in Armour
 12614 | D:9      | Reached **** piety under Makhleb
 12693 | D:9      | Found a staircase to the Orcish Mines.
 12797 | D:9      | Reached XP level 11. HP: 80/87 MP: 15/15
 13455 | D:10     | Entered Level 10 of the Dungeon
 13524 | D:10     | Noticed a hill giant
 13535 | D:10     | Killed a hill giant
 14484 | D:10     | Found a staircase to the Lair.
 14509 | D:10     | HP: 4/89 [something (4)]
 14542 | D:10     | Killed an unseen horror
 14542 | D:10     | Reached skill level 10 in Long Blades
 14899 | Lair:1   | Entered Level 1 of the Lair of Beasts
 14937 | Lair:1   | Found a dark tunnel.
 15297 | Lair:1   | Got a coiled golden ring
 15372 | Volcano  | Entered a volcano
 15956 | Lair:1   | Reached XP level 12. HP: 96/96 MP: 16/16
 16133 | Lair:1   | Noticed Gastronok
 16145 | Lair:1   | Killed Gastronok
 16821 | Lair:2   | Reached skill level 10 in Shields
 16900 | Lair:2   | Reached skill level 10 in Fighting
 17827 | Lair:2   | Reached skill level 11 in Long Blades
 18473 | Lair:3   | Found a labyrinth entrance.
 18478 | Lab      | Entered a labyrinth
 19346 | Lab      | Noticed a minotaur
 19354 | Lab      | Killed a minotaur
 19361 | Lab      | Identified the ring "Tota" {rElec Stlth-} (You found it on level 1 of the Lair of Beasts)
 19500 | Lair:3   | Noticed a death yak
 19502 | Lair:3   | Noticed a death yak
 19503 | Lair:3   | Noticed a death yak
 19512 | Lair:3   | Noticed a death yak
 19513 | Lair:3   | Noticed a death yak
 19515 | Lair:3   | Noticed a death yak
 19521 | Lair:3   | Killed a death yak
 19521 | Lair:3   | Reached XP level 13. HP: 91/104 MP: 17/17
 19521 | Lair:3   | Reached skill level 1 in Evocations
 20432 | Lair:3   | Noticed a six-headed hydra
 20433 | Lair:3   | Noticed an eight-headed hydra
 20440 | Lair:3   | Killed a six-headed hydra
 20472 | Lair:3   | Slain by a nine-headed hydra

Vault maps used:
D:1:      minmay_arrival_stair_chambers, hex_tiny
D:2:      zin_academy
D:3:      grunt_temple_overflow_lords_of_destruction, portal_sewer_entry_e
D:4:      gammafunk_temple_overflow_statue, first_bread, serial_shops,
          nicolae_shop_behind_doors, uniq_robin, uniq_sigmund, uniq_eustachio
D:5:      kennysheep_little_box, minmay_temple_entry_grid
D:6:      overflow_temple_1_default
D:7:      wad_woods_settlement, lemuel_zombie_altar_yredelemnul, serial_shops,
          shop_fountains, minmay_holes, minmay_misc_feat_hallway, uniq_menkaure
D:9:      david_orc_3
D:10:     david_lair_shrubbed, blue_anna_alchemist, evilmike_butchery
Temple:   oiseaux_autumnal_temple_12
Lair:1:   enter_volcano_2, uniq_gastronok
Lair:2:   lemuel_fruit_fields, grunt_megastairs_3, serial_bayou_shore_b
Lair:3:   lab_entry_generic, serial_bayou_lake_a, grunt_megastairs_1
Lab:      nicolae_lab_blocks, nicolae_lab_garden, labyrinth_lava_lair,
          labyrinth_fake_exit, nicolae_lab_statue, labyrinth_skeletal_remains,
          nicolae_lab_grate_2, nicolae_lab_stuck, nicolae_lab_starburst,
          nicolae_lab_plus
Volcano:  volcano_lake

Action                   |  1- 3 |  4- 6 |  7- 9 | 10-12 | 13-15 || total
-------------------------+-------+-------+-------+-------+-------++-------
Melee: Long sword        |   120 |   252 |   591 |       |       ||   963
       Scimitar          |       |       |    31 |   886 |   105 ||  1022
Invok: Lesser Servant of |       |       |       |    27 |     5 ||    32
Evoke: Wand              |       |       |     9 |     7 |     6 ||    22
       Phial of floods   |       |       |       |       |     1 ||     1
  Use: Scroll            |     5 |     6 |     6 |     9 |       ||    26
       Potion            |       |     2 |     2 |    10 |     2 ||    16
 Stab: Distracted        |       |       |       |     5 |     1 ||     6
  Eat: Chunk             |     1 |     8 |    22 |    21 |     2 ||    54
       Fruit             |       |       |       |     9 |       ||     9
       Royal jelly       |       |       |       |     1 |       ||     1
       Bread ration      |       |       |       |     3 |       ||     3
